 Dungeon Crawl Stone Soup version 0.31-a0-277-g31ea1f65cc (webtiles) character file.

Game seed: 14341549415466263149

115 pokeman the Magician (level 4, 0/25 HPs)
             Began as a Deep Elf Hedge Wizard on July 15, 2023.
             Succumbed to miscasting Mephitic Cloud's poison
             ... on level 2 of the Dungeon.
             The game lasted 00:03:18 (2384 turns).

pokeman the Magician (Deep Elf Hedge Wizard)        Turns: 2384, Time: 00:03:18

Health: 0/25       AC:  2    Str:  7    XL:     4   Next: 68%
Magic:  7/13       EV: 12    Int: 21    God:
Gold:   148        SH:  0    Dex: 14    Spells: 6/14 levels left

rFire   . . .        f - +4 dagger
rCold   . . .        (no shield)
rNeg    . . .        b - +0 robe
rPois   .            c - +0 hat
rElec   .            (no cloak)
rCorr   .            (no gloves)
SInv    .            (no boots)
Will    .....        (no amulet)
Stlth   ++           (no ring)
HPRegen 0.24/turn    (no ring)
MPRegen 0.13/turn

%: no passive effects
@: lethally poisoned (0 -> -5), very slightly contaminated
A: no striking features
a: no special abilities


You were on level 2 of the Dungeon.
You visited 1 branch of the dungeon, and saw 2 of its levels.

You collected 148 gold pieces.

Inventory:

Hand Weapons
 f - a +4 dagger (weapon)
Armour
 b - a +0 robe (worn)
 c - a +0 hat (worn)
Jewellery
 g - a ring of see invisible
Scrolls
 e - 2 scrolls of identify {unknown}
 h - 2 scrolls of teleportation {unknown}
 i - a scroll of immolation {unknown}
 j - a scroll of vulnerability {unknown}
 l - a scroll of torment {unknown}
Potions
 a - 2 potions of haste {unknown}
 d - a potion of magic
 k - a potion of ambrosia {unknown}


   Skills:
 - Level 1.0 Fighting
 - Level 1.0 Armour
 + Level 2.8 Dodging
 + Level 2.9 Stealth
 * Level 5.8 Spellcasting
 + Level 2.3 Conjurations
 - Level 1.1 Summonings
 - Level 1.1 Translocations


You had 6 spell levels left.
You knew the following spells:

 Your Spells              Type           Power      Damage    Failure   Level
a - Magic Dart            Conj           60%        1d6       3%          1
b - Mephitic Cloud        Conj/Pois/Air  9%         N/A       22%         3
c - Call Imp              Summ           20%        N/A       10%         2
d - Blink                 Tloc           20%        N/A       10%         2

Your spell library contained the following spells:

 Spells                   Type           Power      Damage    Failure   Level
 Summon Small Mammal      Summ           40%        N/A       6%          1
 Slow                     Hex            24%        N/A       10%         1
 Sting                    Tmut/Pois      24%        1d4       10%         1
 Cigotuvi's Dreadful Rot  Necr/Pois/Air  12%        N/A       16%         2
 Poisonous Vapours        Pois/Air       12%        N/A       16%         2
 Call Canine Familiar     Summ           10%        N/A       19%         3
 Summon Guardian Golem    Hex/Summ       8%         N/A       24%         3
 Olgreb's Toxic Radiance  Pois           6%         N/A       69%         4


Dungeon Overview and Level Annotations

Branches:
Dungeon (2/15)

Altars:

Annotations:
D:2 Natasha


Message History

The magic dart hits Natasha.
Natasha is almost dead.
Unknown command.
Casting: Magic Dart (safe; 4% risk of failure)
Confirm with . or Enter, or press ? or * to list all spells.
Aiming: Magic Dart (safe; 4% risk of failure)
Press: ? - help, Shift-Dir - straight line, f/p - Natasha
Aim: Natasha, carrying a wand of flame (almost dead, confused, 100% to hit)
The magic dart hits Natasha.
You kill Natasha!
Natasha screams in pain as she dies!
Unknown command.
Your magical contamination has completely faded away.
There is an open door here.
Found a stone staircase leading up.
There is an open door here.
There is an open door here.
There is an open door here.
Natasha, Servant of Life and Death comes into view.
She is carrying a wand of flame.
Casting: Magic Dart (safe; 3% risk of failure)
Confirm with . or Enter, or press ? or * to list all spells.
The spell is extremely dangerous to miscast (22% risk of failure)!
Continue anyway?
Aiming: Mephitic Cloud (extremely dangerous; 22% risk of failure)
Press: ? - help, Shift-Dir - straight line, f - Natasha
Aim: Natasha, carrying a wand of flame (wandering, hasn't noticed you, chance to affect: 86%)
You miscast Mephitic Cloud.
You are very lightly contaminated with residual magic.
You feel incredibly sick!
You are poisoned.
Ouch! That really hurt!
You feel sick.
Natasha zaps a wand.
The puff of flame hits you!
* * * LOW HITPOINT WARNING * * *
Casting: Mephitic Cloud (extremely dangerous; 22% risk of failure)
Confirm with . or Enter, or press ? or * to list all spells.
The spell is extremely dangerous to miscast (22% risk of failure)!
Continue anyway?
Aiming: Mephitic Cloud (extremely dangerous; 22% risk of failure)
Press: ? - help, Shift-Dir - straight line, f/p - Natasha
Aim: Natasha, carrying a wand of flame (chance to affect: 86%)
You miscast Mephitic Cloud.
Nothing appears to happen.
You die...

......# #.....#
#<##.# ......#
#.....# #######.#
......# ##....#
#.......# ......#
#....# #.......#
...#### #.<..#
#.......# ..##
#....# #.......#
..#
##..#####.......#
..#
##....##h..(...#
..#
#...@''.......#
..#
#....##.......#
###
#######.......#.#
####..#.#.#
##.#.#.# #
#.#.#.# # #.#.#.#
# ####### ######
#...#.# #
##.....####....#
##..#.#


You could see Natasha.

Vanquished Creatures
  Jessica (D:2)
  Natasha (twice) (D:2)
  A dart slug (D:1)
  4 ball pythons
  6 endoplasms
  2 giant cockroaches (D:1)
  4 goblins
  3 jackals (D:2)
  2 quokkas (D:2)
  5 bats
  3 frilled lizards (D:1)
  A kobold (D:1)
  3 rats (D:2)
37 creatures vanquished.

Notes
Turn   | Place    | Note
-------+----------+-------------------------------------------
     0 | D:1      | pokeman the Deep Elf Hedge Wizard began the quest for the
                  | Orb.
     0 | D:1      | Reached XP level 1. HP: 10/10 MP: 7/7
   417 | D:1      | Reached XP level 2. HP: 16/16 MP: 6/9
  1177 | D:2      | Reached skill level 5 in Spellcasting
  1396 | D:2      | Noticed Jessica
  1401 | D:2      | Killed Jessica
  1402 | D:2      | Reached skill level 1 in Fighting
  1402 | D:2      | Reached skill level 1 in Armour
  1402 | D:2      | Reached XP level 3. HP: 20/20 MP: 5/11
  1410 | D:2      | Learned a level 3 spell: Mephitic Cloud
  1413 | D:2      | Learned a level 2 spell: Call Imp
  1416 | D:2      | Learned a level 2 spell: Blink
  1809 | D:2      | Noticed Natasha
  1961 | D:2      | Killed Natasha
  1962 | D:2      | Reached XP level 4. HP: 11/25 MP: 8/13
  2277 | D:2      | Noticed Natasha
  2293 | D:2      | Killed Natasha
  2382 | D:2      | Noticed Natasha
  2383 | D:2      | HP: 1/25 [Natasha/puff of flame (10)]
  2384 | D:2      | Succumbed to miscasting Mephitic Cloud's poison

Illustrated notes

Levels and vault maps discovered:
D:1:      ncdulo_watergridlock, layout_loops_ring
D:2:      layout_basic, uniq_jessica, uniq_natasha

Skill      XL: |  1  2  3 |
---------------+----------+-----
Spellcasting   | 5 |  5.8
Fighting       | 1 |  1.0
Armour         | 1 |  1.0
Conjurations   | 2 |  2.3
Dodging        | |  2.8
Stealth        | |  2.9
Summonings     | |  1.1
Translocations | |  1.1

Action                     |  1- 3 |  4- 6 || total
---------------------------+-------+-------++-------
  Melee: Dagger            |     3 |     4 ||     7
   Cast: Magic Dart        |    81 |     6 ||    87
         Mephitic Cloud    |     2 |     1 ||     3
   Stab: Confused          |     1 |       ||     1
 Armour: Robe              |     3 |       ||     3
  Dodge: Dodged            |    12 |     3 ||    15

Table legend: (Time is in decaauts)
 A = Elapsed time spent in this place.
 B = Non-inter-level travel time spent in this place.
 C = Inter-level travel time spent in this place.
 D = Time resting spent in this place.
 E = Time spent auto-exploring this place.
 F = Levels seen in this place.
 G = Mean time per level.
                   A        B        C        D        E       F      G
               +--------+--------+--------+--------+--------+-----+--------+
         Total |   2383 |   2317 |     66 |    111 |   1984 |   2 | 1191.5 |
       Dungeon |   2383 |   2317 |     66 |    111 |   1984 |   2 | 1191.5 |
               +--------+--------+--------+--------+--------+-----+--------+

Top non-repeatable levels by time:
     D:2: 1302 daAuts
     D:1: 1081 daAuts
